 Dungeon Crawl Stone Soup version 0.29.0-7-g18a832c13a (webtiles) character file.

Game seed: 352286767220037657

147 RascalDebosk the Shooter (level 5, -1/45 HPs)
             Began as a Minotaur Hunter on Aug 31, 2022.
             Slain by a phantom (5 damage)
             ... on level 4 of the Dungeon.
             The game lasted 00:23:04 (2920 turns).

RascalDebosk the Shooter (Minotaur Hunter)          Turns: 2920, Time: 00:23:05

Health: -1/45      AC:  4    Str: 16    XL:     5   Next: 8%
Magic:  5/5        EV: 16    Int:  6    God:
Gold:   155        SH:  0    Dex: 15    Spells: 4/4 levels left

rFire   . . .      SeeInvis .   a - +0 shortbow
rCold   . . .      Faith    .   (shield currently unavailable)
rNeg    + . .      Spirit   .   c - +0 leather armour
rPois   .          Reflect  .   (helmet restricted)
rElec   .          Harm     .   (no cloak)
rCorr   .          Rampage  .   (no gloves)
Will    .....                   h - +0 pair of boots
Stlth   +.........              (no amulet)
HPRegen 0.15/turn               e - +4 ring of evasion
MPRegen 0.09/turn               g - ring of positive energy

@: no status effects
A: horns 2, retaliatory headbutt
a: no special abilities


You were on level 4 of the Dungeon.
You visited 1 branch of the dungeon, and saw 4 of its levels.

You collected 155 gold pieces.

Inventory:

Hand Weapons
 a - a +0 shortbow (weapon)
Missiles
 j - a throwing net
Armour
 c - a +0 leather armour (worn)
 h - a +0 pair of boots (worn)
 m - a +1 hat
Jewellery
 e - a +4 ring of evasion (left hand)
 g - a ring of positive energy (right hand)
 p - a ring of protection from fire
Scrolls
 b - a scroll of immolation
 d - 4 scrolls of enchant weapon {unknown}
 f - a scroll of identify {unknown}
 i - a scroll of fear {unknown}
 n - 2 scrolls of teleportation {unknown}
Potions
 k - a potion of lignification {unknown}
 l - 2 potions of curing {unknown}
 o - a potion of might {unknown}
 q - a potion of flight {unknown}


   Skills:
 + Level 3.5 Fighting
 + Level 5.0 Ranged Weapons
 + Level 2.2 Armour
 + Level 3.2 Dodging
 + Level 0.7 Stealth
 + Level 2.0 Invocations


You had 4 spell levels left.
You didn't know any spells.
Your spell library contained the following spells:

 Spells                   Type           Power      Damage    Failure   Level
 Shock                    Conj/Air       0%         1d3       52%         1
 Swiftness                Air            0%         N/A       88%         3
 Airstrike                Air            0%         2d(0-16)  99%         4


Dungeon Overview and Level Annotations

Branches:
Dungeon (4/15)
 Temple: D:4-7

Altars:


Innate Abilities, Weirdness & Mutations

You have a pair of horns on your head.
You reflexively headbutt those who attack you in melee.


Message History

The phantom hits you!
Fire: a) +0 shortbow
Press: ? - help, Q - select action, (/) - cycle Shift-Dir - straight line, f/p - phantom
Aim: a phantom (heavily damaged, 51% to hit)
You shoot an arrow. The arrow barely misses the phantom.
The phantom misses you. You furiously retaliate!
You headbutt the phantom, but do no damage.
The phantom hits you.
* * * LOW HITPOINT WARNING * * *
Fire: a) +0 shortbow
Press: ? - help, Q - select action, (/) - cycle Shift-Dir - straight line, f/p - phantom
Aim: a phantom (heavily damaged, 51% to hit)
You shoot an arrow. The arrow hits the phantom.
The phantom is severely damaged.
The phantom hits you.
* * * LOW HITPOINT WARNING * * *
The phantom blinks!
You blink.
Fire: a) +0 shortbow
Press: ? - help, Q - select action, (/) - cycle Shift-Dir - straight line, f/p - phantom
Aim: a phantom (severely damaged, 51% to hit)
You shoot an arrow. The arrow misses the phantom.
You hear a shout!
The phantom closely misses you.
An endoplasm comes into view.
Fire: a) +0 shortbow
Press: ? - help, Q - select action, (/) - cycle Shift-Dir - straight line, f/p - phantom
Aim: a phantom (severely damaged, 51% to hit)
You shoot an arrow. The arrow closely misses the phantom.
The phantom hits you.
* * * LOW HITPOINT WARNING * * *
The phantom blinks!
You blink.
A hobgoblin comes into view.
Fire: a) +0 shortbow
Press: ? - help, Q - select action, (/) - cycle Shift-Dir - straight line, f/p - phantom
Aim: a phantom (severely damaged, 51% to hit)
You shoot an arrow. The arrow closely misses the phantom.
The phantom hits you.
* * * LOW HITPOINT WARNING * * *
The phantom hits you.
You die...

...#..## .
...##J.###.#..# .
....##..##.......#.#
...####........#..#.
# ).##
##........#..##. .#
##............g. #
#.......#..J#.##
##..............#
#.......J...@ยง..#
#...........W###
##........####
###....### ######


You could see a phantom, 2 endoplasms and a hobgoblin.

Vanquished Creatures
  4 gnolls
  5 adders
  2 worms (D:2)
  2 dart slugs
  3 ball pythons
  6 bats
  2 endoplasms
  2 giant cockroaches
  5 goblins
  9 hobgoblins
  2 jackals (D:2)
  2 quokkas (D:2)
  A frilled lizard (D:1)
  4 kobolds
  6 rats
55 creatures vanquished.

Notes
Turn   | Place    | Note
-------+----------+-------------------------------------------
     0 | D:1      | RascalDebosk the Minotaur Hunter began the quest for the
                  | Orb.
     0 | D:1      | Reached XP level 1. HP: 18/18 MP: 0/0
   330 | D:1      | Reached XP level 2. HP: 22/25 MP: 1/1
   595 | D:1      | Reached skill level 1 in Armour
   994 | D:2      | Reached skill level 1 in Invocations
   994 | D:2      | Reached XP level 3. HP: 30/30 MP: 2/2
  1422 | D:2      | Reached XP level 4. HP: 38/38 MP: 2/4
  2269 | D:3      | Reached skill level 5 in Ranged Weapons
  2584 | D:3      | Found a faded altar of an unknown god.
  2679 | D:3      | Reached XP level 5. HP: 45/45 MP: 5/5
  2902 | D:4      | Noticed a phantom
  2920 | D:4      | Slain by a phantom

Illustrated notes

Levels and vault maps discovered:
D:1:      mrwooster_arrival_arrow, layout_rooms
D:2:      layout_basic
D:3:      layout_basic, nicolae_ecumenical_oubliette, minmay_goblin_kobold_house
D:4:      layout_cave_pods, makhleb_altar_promises_db, minmay_temple_entry_hall,
          minmay_increasing_density

Skill      XL: |  1  2  3  4  5 |
---------------+----------------+-----
Armour         | 1 2 |  2.2
Invocations    | 1 2 |  2.0
Fighting       | 3 |  3.5
Dodging        | 3 |  3.2
Ranged Weapons | 5 |  5.0
Stealth        | |  0.7

Action                   |  1- 3 |  4- 6 || total
-------------------------+-------+-------++-------
 Fire: Shortbow          |    89 |    89 ||   178
Armor: Leather armour    |     7 |     8 ||    15
Dodge: Dodged            |    33 |    42 ||    75
